 Dungeon Crawl Stone Soup version 0.30.1 (webtiles) character file.

Game seed: 8226772096261030409

334 Destapler the Grave Robber (level 6, 0/47 HPs)
             Began as a Human Necromancer on July 8, 2023.
             Succumbed to Blork the orc's poison
             ... on level 3 of the Dungeon.
             The game lasted 00:14:54 (3885 turns).

Destapler the Grave Robber (Human Necromancer)      Turns: 3885, Time: 00:14:55

Health: 0/47       AC:  3    Str:  8    XL:     6   Next: 83%
Magic:  0/10       EV: 12    Int: 18    God:
Gold:   159        SH:  0    Dex: 19    Spells: 7/11 levels left

rFire   . . .        a - +2 dagger (speed)
rCold   . . .        (no shield)
rNeg    . . .        b - +0 robe
rPois   .            (no helmet)
rElec   .            (no cloak)
rCorr   .            (no gloves)
SInv    .            u - +0 pair of boots
Will    .....        (no amulet)
Stlth   +++          m - +6 ring of dexterity
HPRegen 0.27/turn    (no ring)
MPRegen 0.12/turn

%: no passive effects
@: brilliant, lethally poisoned (0 -> -4), weak-willed, on berserk cooldown,
slowed, very slow
A: no striking features
a: no special abilities


You were on level 3 of the Dungeon.
You visited 1 branch of the dungeon, and saw 4 of its levels.

You collected 159 gold pieces.

Inventory:

Hand Weapons
 a - a +2 dagger of speed (weapon)
Missiles
 h - 6 silver boomerangs
 o - 5 datura-tipped darts
Armour
 b - a +0 robe (worn)
 u - a +0 pair of boots (worn)
Jewellery
 m - a +6 ring of dexterity (left hand)
 w - a ring of see invisible
Scrolls
 d - a scroll of vulnerability
 g - a scroll of enchant armour {unknown}
 i - a scroll of torment {unknown}
 j - 3 scrolls of identify {unknown}
 l - a scroll of teleportation {unknown}
 p - a scroll of blinking {unknown}
 q - a scroll of fog {unknown}
 r - a scroll of butterflies {unknown}
 t - a scroll of immolation {unknown}
Potions
 c - 3 potions of brilliance
 f - a potion of mutation {unknown}
 k - a potion of resistance {unknown}
 n - a potion of lignification {unknown}
 s - a potion of invisibility {unknown}
 v - a potion of attraction {unknown}


   Skills:
 + Level 3.5 Fighting
 + Level 2.4 Short Blades
 - Level 1.0 Armour
 - Level 2.0 Dodging
 + Level 3.3 Stealth
 + Level 3.2 Spellcasting
 + Level 4.2 Necromancy


You had 7 spell levels left.
You knew the following spells:

 Your Spells              Type           Power      Damage    Failure   Level
a - Necrotise             Necr           100%       1d9       2%          1
b - Vampiric Draining     Necr           27%        2d7       9%          3

Your spell library contained the following spells:

 Spells                   Type           Power      Damage    Failure   Level
 Animate Dead             Necr           27%        N/A       28%         4
 Dazzling Flash           Conj/Hex       8%         N/A       43%         3
 Volatile Blastmotes      Fire/Tloc      8%         2d10      43%         3
 Agony                    Necr           27%        N/A       61%         5
 Iskenderun's Mystic Bla  Conj/Tloc      4%         2d3       85%         4
 Olgreb's Toxic Radiance  Pois           4%         N/A       85%         4
 Starburst                Conj/Fire      2%         6d3       100%        6
 Discord                  Hex            2%         N/A       100%        8
 Ignition                 Fire           2%         3d3       100%        8


Dungeon Overview and Level Annotations

Branches:
Dungeon (4/15)
 Temple: D:4-7

Altars:

Shops:
D:3 (


Message History

You are lethally poisoned!
It was a potion of brilliance.
You feel clever all of a sudden.
* * * LOW HITPOINT WARNING * * *
You feel very sick. Blork the orc closely misses you.
It was a potion of berserk rage.
A red film seems to cover your vision as you go berserk!
You feel yourself moving faster!
You feel mighty!
* * * LOW HITPOINT WARNING * * *
You feel very sick. Blork the orc closely misses you.
Blork the orc barely misses you.
You closely miss Blork the orc.
Blork the orc is severely wounded.
* * * LOW HITPOINT WARNING * * *
You feel sick.
You closely miss Blork the orc.
Blork the orc is severely wounded.
* * * LOW HITPOINT WARNING * * *
You feel sick. Blork the orc closely misses you.
You puncture Blork the orc!
Blork the orc is almost dead.
* * * LOW HITPOINT WARNING * * *
You feel sick.
You hit Blork the orc.
You kill Blork the orc!
* * * LOW HITPOINT WARNING * * *
You feel sick.
* * * LOW HITPOINT WARNING * * *
You feel sick.
Your magical contamination has completely faded away.
You feel a strong urge to attack something.
* * * LOW HITPOINT WARNING * * *
You feel sick.
* * * LOW HITPOINT WARNING * * *
You feel sick.
You feel your anger nearly subside.
You are no longer berserk.
You are exhausted.
You feel yourself slow down.
You die...

#####~~~### #~~### #.# # #
###~~~~~~~~~#####~~~~# #.# #
###~~~~#####~~~~~~~~~#######.# #
#~~~~### ###~~~#####.......# #
...~## #~~~~##.....)###### #
.###)# ##########.....# # .###.#
#.####.###.#######
.##..###########......# #.).....)
..............).@.###.###.#######
###..######.#####)# #.....# #
#<.# #.# #.# ###.### #..# #.#
#.#####.##### #..# #.#
#......#....# #..# #.#
#######.###.# #..# #.# ########.#
#.# #..# #<# #........# #.# #..#
#.# #.######## #.#


There were no monsters in sight!

Vanquished Creatures
  Blork the orc (D:3)
  An orc priest (D:3)
  3 orc wizards (D:3)
  3 gnolls (D:2)
  2 adders (D:3)
  4 dart slugs
  10 orcs (D:3)
  4 bats
  4 endoplasms
  3 giant cockroaches
  6 hobgoblins
  3 jackals (D:1)
  7 kobolds
  4 quokkas
  7 ball pythons
  5 frilled lizards
  3 goblins
  9 rats
79 creatures vanquished.

Vanquished Creatures (collateral kills)
  A worm (D:3)
  An orc (D:3)
  A ball python (D:2)
  A rat (D:1)
4 creatures vanquished.

Vanquished Creatures (others)
  An orc wizard (D:3)
1 creature vanquished.

Grand Total: 84 creatures vanquished

Notes
Turn   | Place    | Note
-------+----------+-------------------------------------------
     0 | D:1      | Destapler the Human Necromancer began the quest for the
                  | Orb.
     0 | D:1      | Reached XP level 1. HP: 13/13 MP: 3/3
   123 | D:1      | Reached XP level 2. HP: 18/20 MP: 0/5
   717 | D:1      | Reached XP level 3. HP: 25/25 MP: 4/6
  1057 | D:1      | Reached skill level 1 in Fighting
  1057 | D:1      | Reached skill level 1 in Armour
  1912 | D:2      | Reached XP level 4. HP: 17/32 MP: 4/7
  1915 | D:2      | Reached skill level 1 in Short Blades
  2544 | D:3      | Reached XP level 5. HP: 37/38 MP: 4/9
  2803 | D:3      | Reached XP level 6. HP: 27/47 MP: 0/10
  2888 | D:3      | Learned a level 3 spell: Vampiric Draining
  2962 | D:3      | HP: 2/47 [something/magic dart (10)]
  3180 | D:3      | Found Docu's Weapon Shop.
  3858 | D:4      | Noticed Blork the orc
  3881 | D:3      | Killed Blork the orc
  3882 | D:3      | HP: 3/70 [poisoned by Blork the orc]
  3885 | D:3      | Succumbed to Blork the orc's poison

Illustrated notes

Levels and vault maps discovered:
D:1:      amcnicky_arrival_choice, layout_loops_corners
D:2:      layout_basic, minmay_tetromino_t4
D:3:      layout_loops_ring, serial_shops, nicolae_shop_bloodbath_and_beyond,
          chequers_serial_rivers_large_b, minmay_close_crescents
D:4:      layout_cave_pools, amethyst_overflow_temple_binary, dk_noncrumbling_4,
          uniq_eustachio, uniq_pikel, uniq_blork_the_orc

Skill      XL: |  1  2  3  4  5 |
---------------+----------------+-----
Fighting       | 1 2 3 |  3.5
Armour         | 1 |  1.0
Stealth        | 3 |  3.3
Short Blades   | 1 2 |  2.4
Spellcasting   | 3 |  3.2
Dodging        | |  2.0
Necromancy     | |  4.2

Action                     |  1- 3 |  4- 6 || total
---------------------------+-------+-------++-------
  Melee: Unarmed           |    25 |       ||    25
         Punch             |     1 |       ||     1
         Flail             |     4 |       ||     4
         Dagger            |     7 |    28 ||    35
  Throw: Dart              |     1 |       ||     1
   Cast: Necrotise         |    73 |    85 ||   158
         Vampiric Draining |       |     7 ||     7
    Use: Potion            |       |     4 ||     4
         Scroll            |       |     1 ||     1
   Stab: Sleeping          |     1 |     2 ||     3
 Armour: Robe              |     4 |    13 ||    17
  Dodge: Dodged            |    33 |    48 ||    81
